AoeStats
← FinalBinkie3025

Arabia

506258569Analyzed
1v1 RM · 19d ago on Sep 12, 2026· 29m 43s· 2 players
Game mode
Random Map
Map size
Tiny (2 player)
Population
200
Speed
Normal
Resources
Standard
Victory
Conquest
Starting age
Dark Age
Ending age
Imperial Age
RankedLock teamsTeams togetherTeam positionsShared explorationLock speedFull tech treeHidden civsTurbo modeCheats
Victory
Defeat
🇦🇷 Sicilians · Argentina
523
+15
🇨🇱 Franks · Chile
496
-15
FinalBinkie3025
1:18 Loom
10:58 Feudal Age
11:36 Town Watch
12:28 Wheelbarrow
12:20 Double-Bit Axe
13:43 Stone Mining
19:40 Castle Age
20:24 Town Patrol
23:11 Husbandry
Chuletas
5:51 Loom
12:23 Feudal Age
12:54 Double-Bit Axe
18:15 Wheelbarrow
20:25 Castle Age
20:01 Fletching
20:36 Horse Collar
21:19 Gold Mining
21:59 Bow Saw
21:22 Pikeman
23:31 Forging
23:19 Stone Mining
24:55 Scale Mail Armor
28:53 Bodkin Arrow
29:17 Chain Mail Armor
Connection lost

Rejoining the realm…

Still unreachable

The connection could not be restored.

Session expired

The server has moved on; the page needs a fresh start.